AoeStats
← lord__thompson

African Clearing

510670358Analyzed
2v2 RM · 20h ago on Oct 2, 2026· 70m 28s· 4 players
Game mode
Random Map
Map size
Medium (4 player)
Population
200
Speed
Normal
Resources
Standard
Victory
Conquest
Starting age
Dark Age
Ending age
Imperial Age
RankedLock teamsTeams togetherTeam positionsShared explorationLock speedFull tech treeHidden civsTurbo modeCheats
Victory
Defeat
🇨🇦 Celts · Canada
1142
+15
🇻🇪 Mongols · Venezuela
1108
+16
🇦🇷 Vietnamese · Argentina
1126
-16
🇦🇷 Huns · Argentina
1111
-15
SamsungA10
10:49 Loom
13:37 Feudal Age
18:18 Castle Age
17:30 Fletching
19:50 Bodkin Arrow
23:56 Husbandry
27:46 Padded Archer Armor
27:58 Bloodlines
28:51 Ballistics
35:00 Wheelbarrow
36:05 Double-Bit Axe
36:04 Horse Collar
44:56 Imperial Age
43:08 Leather Archer Armor
43:59 Marauders
44:08 Scale Barding Armor
45:41 Chain Barding Armor
45:33 Forging
46:02 Bow Saw
47:00 Plate Barding Armor
47:02 Iron Casting
46:32 Bracer
46:14 Heavy Cavalry Archer
55:13 Hand Cart
56:01 Blast Furnace
58:20 Chemistry
58:07 Elite Tarkan
59:52 Parthian Tactics
67:34 Conscription
lord__thompson
9:03 Loom
14:31 Feudal Age
21:53 Double-Bit Axe
31:05 Castle Age
34:30 Bow Saw
37:33 Horse Collar
40:05 Crossbowman
43:58 Town Watch
45:00 Fletching
45:10 Padded Archer Armor
48:33 Imperial Age
46:32 Bodkin Arrow
47:53 Stone Mining
48:26 Ballistics
49:48 Murder Holes
51:45 Arbalester
55:49 Bloodlines
58:46 Light Cavalry
60:50 Wheelbarrow
60:39 Bracer
60:55 Husbandry
61:03 Scale Barding Armor
61:09 Forging
61:16 Leather Archer Armor
61:33 Forging
bumap
3:45 Loom
14:04 Feudal Age
15:40 Man-at-Arms
22:13 Fletching
28:09 Castle Age
26:29 Double-Bit Axe
36:20 Wheelbarrow
37:06 Scale Mail Armor
37:58 Horse Collar
42:32 Chain Mail Armor
49:31 Imperial Age
49:03 Bow Saw
56:45 Capped Ram
56:51 Pikeman
58:05 Plate Mail Armor
59:25 Gold Mining
60:14 Heavy Plow
60:33 Heavy Scorpion
64:04 Forging
65:46 Furor Celtica
66:40 Halberdier
68:01 Siege Ram
70:43 Hand Cart
71:16 Iron Casting
Furia_Nocturna_
15:25 Feudal Age
16:45 Loom
19:17 Castle Age
17:31 Double-Bit Axe
20:09 Fletching
21:34 Bodkin Arrow
22:10 Padded Archer Armor
24:47 Husbandry
24:58 Bloodlines
29:19 Gold Mining
34:35 Ballistics
42:50 Imperial Age
41:23 Gold Shaft Mining
42:06 Wheelbarrow
41:18 Town Watch
41:24 Town Watch
42:13 Leather Archer Armor
43:27 Thumb Ring
43:32 Bracer
44:37 Chemistry
44:27 Parthian Tactics
45:39 Hand Cart
45:36 Bow Saw
45:09 Horse Collar
46:14 Conscription
47:56 Scale Barding Armor
48:02 Forging
48:06 Light Cavalry
49:31 Elite Mangudai
49:38 Heavy Camel Rider
50:43 Chain Barding Armor
52:51 Iron Casting
56:00 Blast Furnace
56:40 Hussar
Connection lost

Rejoining the realm…

Still unreachable

The connection could not be restored.

Session expired

The server has moved on; the page needs a fresh start.